 Dungeon Crawl Stone Soup version 0.28.0-53-g5a82cb258f (webtiles) character file.

Game seed: 17542801314067977796

47892 jjjjhere the Covert (level 14, -1/92 HPs)
             Began as a Kobold Brigand on Aug 25, 2022.
             Was a High Priest of Jiyva.
             Slain by a seven-headed hydra (11 damage)
             ... on level 6 of the Lair of Beasts on Aug 26, 2022.
             The game lasted 00:26:01 (15635 turns).

jjjjhere the Covert (Kobold Brigand)               Turns: 15635, Time: 00:26:02

Health: -1/92      AC: 13    Str: 22    XL:     14   Next: 84%
Magic:  35/37      EV: 23    Int: 12    God:    Jiyva [*****.]
Gold:   547        SH: 10    Dex: 24    Spells: 21/23 levels left

rFire   + . .      SeeInvis .   s - +10 long sword "Luopitog" {flame, rF+ MP+9}
rCold   . . .      Faith    .   K - +0 kite shield
rNeg    . . .      Spirit   .   A - +0 steam dragon scales
rPois   .          Reflect  .   T - +2 hat
rElec   .          Harm     .   q - +1 cloak
rCorr   +          Rampage  .   (no gloves)
Will    +....                   (no boots)
Stlth   +++++++...              (no amulet)
HPRegen 2.49/turn               l - +6 ring of dexterity
MPRegen 0.70/turn               w - +6 ring of strength

@: lethally poisoned (-1 -> -2), calling ooze
A: small, no large weapons, nightstalker 3, iridescent scales 2, agile 1, high
MP 3, regeneration 1, strong 1, wild magic 2, tendrils, jelly sensing items
a: Renounce Religion, Oozemancy, Slimify


You were on level 6 of the Lair of Beasts.
You worshipped Jiyva.
Jiyva was extremely pleased with you.
You visited 2 branches of the dungeon, and saw 17 of its levels.
You also visited: Bailey.

You collected 547 gold pieces.

Inventory:

Hand Weapons
 m - a +2 dagger of venom
 r - the +6 mace of the Bespelling Sybil {holy, rC+ rN+ Int+3}
   (You found it on level 4 of the Dungeon)

   It has been blessed by the Shining One to cause great damage to the undead
   and demons.
   Int:       It affects your intelligence (+3).
   rC:        It protects you from cold.
   rN:        It protects you from negative energy.
 s - the +10 long sword "Luopitog" (weapon) {flame, rF+ MP+9}
   (You took it off a kobold on level 4 of the Dungeon)

   It burns those it strikes, dealing additional fire damage.
   Big, fiery blades are also staple armaments of hydra-hunters.
   rF:        It protects you from fire.
   MP:        It affects your magic capacity (+9).
 H - a +1 short sword of electrocution
Missiles
 d - 13 poisoned darts (quivered)
 e - 5 curare-tipped darts
 y - 6 silver boomerangs
 B - 7 boomerangs
 S - 4 atropa-tipped darts
Armour
 j - a +0 ring mail
 q - a +1 cloak (worn)
 A - +0 steam dragon scales (worn)
 K - a +0 kite shield (worn)
 T - a +2 hat (worn)
Jewellery
 l - a +6 ring of dexterity (left hand)
 w - a +6 ring of strength (right hand)
 C - an amulet of regeneration
 M - a ring of ice
Wands
 u - a wand of paralysis (8)
 v - a wand of flame (13)
 z - a wand of iceblast (15)
 G - a wand of acid (14)
 J - a wand of digging (3)
 N - a wand of polymorph (5)
Scrolls
 c - a scroll of amnesia
 g - 2 scrolls of vulnerability
 k - 3 scrolls of teleportation
 x - a scroll of immolation {unknown}
 L - a scroll of enchant weapon
 Q - a scroll of magic mapping
Potions
 a - 3 potions of heal wounds
 b - 3 potions of resistance
 f - a potion of ambrosia
 h - 4 potions of attraction
 i - 5 potions of curing
 n - a potion of lignification
 o - a potion of brilliance {unknown}
 p - 2 potions of degeneration {unknown}
 t - 3 potions of flight {unknown}
 D - a potion of haste
 E - a potion of cancellation {unknown}
 I - a potion of might {unknown}
 R - 2 potions of mutation {unknown}


   Skills:
 + Level 12.5 Fighting
 - Level 7.2(13.4) Short Blades
 + Level 11.6(12.0) Long Blades
 - Level 2.1 Throwing
 - Level 11.8 Dodging
 - Level 13.8 Stealth
 + Level 1.0 Shields
 - Level 5.1 Spellcasting
 - Level 8.9 Hexes


You had 21 spell levels left.
You knew the following spells:

 Your Spells              Type           Power      Damage    Failure   Level
a - Ensorcelled Hibernat  Hex/Ice        44%        N/A       45%         2

Your spell library contained the following spells:

 Spells                   Type           Power      Damage    Failure   Level
 Inner Flame              Hex/Fire       22%        N/A       67%         3
 Portal Projectile        Hex/Tloc       44%        N/A       67%         3
 Foxfire                  Conj/Fire      16%        2x1d4     87%         1
 Magic Dart               Conj           16%        1d3       87%         1
 Sting                    Tmut/Pois      16%        1d3       87%         1
 Corpse Rot               Necr/Air       8%         N/A       95%         2
 Passwall                 Tmut/Erth      3%         N/A       95%         2
 Poisonous Vapours        Pois/Air       8%         N/A       95%         2
 Searing Ray              Conj           8%         2d4       95%         2
 Sublimation of Blood     Necr           4%         N/A       95%         2
 Fulminant Prism          Conj/Hex       11%        3d9       95%         4
 Leda's Liquefaction      Hex/Erth       11%        N/A       95%         4
 Call Canine Familiar     Summ           4%         N/A       99%         3
 Conjure Flame            Conj/Fire      4%         6-21      99%         3
 Gell's Gravitas          Tloc           4%         N/A       99%         3
 Swiftness                Air            4%         N/A       99%         3
 Teleport Other           Tloc           4%         N/A       99%         3
 Flame Wave               Conj/Fire      4%         2d5       100%        4
 Olgreb's Toxic Radiance  Pois           4%         N/A       100%        4
 Petrify                  Tmut/Erth      4%         N/A       100%        4
 Irradiate                Conj/Tmut      2%         3d14      100%        5
 Dispersal                Tloc           2%         N/A       100%        6
 Ozocubu's Refrigeration  Ice            2%         4d5       100%        7
 Ignition                 Fire           2%         3d3       100%        8


Dungeon Overview and Level Annotations

Branches:
Dungeon (11/15)            Temple (0/1) D:5            Lair (6/6) D:11
 Shoals (0/4) Lair:4       Spider (0/4) Lair:2          Orc (0/2) D:10
 Bailey (visited)
  Slime: Lair:5-6

Altars:
Cheibriados
Gozag
Sif Muna
Trog
Uskayaw
Yredelemnul
Zin
The Shining One
Jiyva


Innate Abilities, Weirdness & Mutations

You are small and have problems with some larger weapons.
You are completely attuned to the shadows.
You are mostly covered in iridescent scales. (AC +4)
You are agile. (Dex +2)
You have a greatly increased reservoir of magic. (+30% MP)
Your natural rate of healing is unusually fast.
Your muscles are strong. (Str +2)
Your spells are harder to cast, but more powerful.
You are covered in slimy tendrils that may disarm your opponents.
You have a small jelly attached to you that senses nearby items.


Message History

The flame cauterises the wound!
You slice the seven-headed hydra!! You burn the seven-headed hydra!
The seven-headed hydra is heavily wounded.
You feel very sick. You block the bullfrog's attack.
The seven-headed hydra closely misses you.
The seven-headed hydra barely misses you.
The seven-headed hydra bites you!
The seven-headed hydra barely misses you.
The seven-headed hydra bites you. The seven-headed hydra bites you!
You block the seven-headed hydra's attack.
The cane toad stings you!! You block the cane toad's attack.
The bullfrog barely misses you.
Activating: Oozemancy (1% risk of failure)
Press: ? - help, Dir - look around, f - activate Slime begins to ooze from the nearby walls!
You feel very sick. The cane toad closely misses you.
The walls burn the seven-headed hydra!
You block the seven-headed hydra's attack.
The seven-headed hydra bites you.
The seven-headed hydra completely misses you.
The seven-headed hydra bites you!
* * * LOW HITPOINT WARNING * * *
The seven-headed hydra misses you.
You block the seven-headed hydra's attack.
The seven-headed hydra bites you!
* * * LOW HITPOINT WARNING * * *
The walls burn the bullfrog!
The bullfrog hits you.
* * * LOW HITPOINT WARNING * * *
The cane toad misses you. x2
As you read the scroll of fear, it crumbles to dust.
You assume a fearsome visage.
The cane toad looks frightened! x2
The bullfrog looks frightened!
The seven-headed hydra resists with some effort.
You feel very sick.
The walls burn the bullfrog!
Your attack snaps the bullfrog out of its fear.
You block the bullfrog's attack.
The walls burn the seven-headed hydra!
The seven-headed hydra bites you!
You die...

≈≈≈≈.....
#≈≈≈≈≈....#
≈≈≈≈......##
≈≈≈≈≈.≈......
≈≈≈≈≈.........
≈≈≈P.≈.....#.P
≈≈≈†.≈#FF....
≈≈≈≈..#@F.†#
≈P≈..##DP.P#
≈≈≈..##..P.#
##.....# ≈.
#......#
≈.P≈.#.....##
..P...#.....##
...≈.........#
..≈.......#...#


You could see a seven-headed hydra, 2 cane toads and a bullfrog.

Vanquished Creatures
  Kirke (Lair:3)
  A dire elephant (Lair:4)
  2 boulder beetles
  Fannar (D:11)
  7 hydras
  A centaur warrior (D:10)
  A catoblepas (Lair:4)
  3 two-headed ogres
  A death yak (Lair:2)
  Sonja (Lair:6)
  Nergalle (D:11)
  5 skeletal warriors (D:11)
  An orc knight (Bailey)
  An ugly thing (D:11)
  10 elephants
  Maurice (D:9)
  6 black mambas
  2 torpor snails
  Maggie (D:8)
  11 cane toads
  An unseen horror (D:11)
  4 rime drakes
  8 komodo dragons
  Grinder (D:3)
  A merfolk (Lair:4)
  7 blink frogs
  A shadow (D:11)
  2 culicivoras (Lair:2)
  9 wyverns
  43 yaks
  A wraith (D:9)
  5 basilisks
  A hog (Lair:4)
  A steam dragon (D:8)
  4 vampire mosquitoes
  12 water moccasins
  2 ice beasts
  A necrophage (D:8)
  4 black bears
  5 orc warriors (Bailey)
  A sky beast (D:5)
  4 ogres
  13 wolves
  3 centaurs
  16 bullfrogs
  3 scorpions
  A water moccasin skeleton (D:5)
  9 electric eels
  5 howler monkeys
  4 wights
  4 centaur zombies
  A hound (D:4)
  Crazy Yiuf (D:4)
  2 centaur skeletons
  An orc priest (D:8)
  An iguana (D:5)
  4 orc wizards
  6 hell rats (Lair:4)
  2 howler monkey zombies
  11 gnolls
  3 adders
  2 shadow imps
  2 dart slugs
  19 orcs
  3 ball pythons
  2 endoplasms (D:1)
  4 giant cockroaches
  9 goblins
  9 hobgoblins
  8 jackals
  6 quokkas
  7 bats
  2 frilled lizards
  7 kobolds
  6 rats
352 creatures vanquished.

Vanquished Creatures (collateral kills)
  A boulder beetle (Lair:4)
  A death yak (Lair:3)
  A cane toad (Lair:2)
  A komodo dragon (Lair:2)
  A water moccasin (Lair:4)
5 creatures vanquished.

Vanquished Creatures (others)
  The ghost of DemonSlayer the Thaumaturge, a journeyman DsFE of Cheibriados (Lair:1)
  A centaur zombie (D:10)
  An unseen horror (D:10)
  2 slime creatures
  2 humans (Lair:4)
  2 yaks
  4 water moccasins
  An orc warrior (D:10)
  An ice beast (D:8)
  2 wolves
  2 centaurs
  4 bullfrogs
  3 killer bees (D:10)
  2 wights (D:10)
  71 jellies
  4 orc wizards
  3 gnolls
  A howler monkey zombie (D:8)
  An adder (D:5)
  A dart slug (D:5)
  2 endoplasms
  5 orcs
  2 goblins (Bailey)
  A hobgoblin (Bailey)
  A ball python (D:2)
  2 frilled lizards
  8 kobolds (D:3)
  A rat (D:2)
  4 bushes
  128 fungi
  197 plants
  16 toadstools
476 creatures vanquished.

Grand Total: 833 creatures vanquished

Notes
Turn   | Place    | Note
-------+----------+-------------------------------------------
     0 | D:1      | jjjjhere the Kobold Brigand began the quest for the Orb.
     0 | D:1      | Reached XP level 1. HP: 12/12 MP: 1/1
   114 | D:1      | Reached XP level 2. HP: 17/17 MP: 2/2
   127 | D:1      | Found a faded altar of an unknown god.
   345 | D:1      | Prayed at the altar of an unknown god.
   345 | D:1      | Became a worshipper of Jiyva Jeosover the Shapeless
   345 | D:1      | Reached * piety under Jiyva
   850 | D:1      | Reached ** piety under Jiyva
   934 | D:1      | Reached XP level 3. HP: 21/21 MP: 3/3
  1013 | D:2      | Reached skill level 6 in Stealth
  1203 | D:2      | Found an opulent altar of Gozag.
  1213 | D:2      | Reached XP level 4. HP: 26/26 MP: 4/4
  1547 | D:2      | Reached *** piety under Jiyva
  1782 | D:3      | Reached XP level 5. HP: 30/30 MP: 5/5
  1828 | D:3      | Gained mutation: You are agile. (Dex +2) [Jiyva's grace]
  1828 | D:3      | Gained mutation: You are very agile. (Dex +4) [Jiyva's
                  | grace]
  1828 | D:3      | Gained mutation: Your melee attacks may engulf your foes in
                  | ooze. [Jiyva's grace]
  1828 | D:3      | Gained mutation: Your natural rate of healing is unusually
                  | fast. [Jiyva's grace]
  2011 | D:3      | Reached skill level 7 in Stealth
  2293 | D:3      | Noticed Grinder
  2315 | D:3      | Paralysed by Grinder for 6 turns
  2320 | D:3      | Killed Grinder
  2321 | D:3      | Reached skill level 8 in Stealth
  2321 | D:3      | Reached XP level 6. HP: 35/35 MP: 6/6
  2331 | D:3      | Reached **** piety under Jiyva
  2556 | D:3      | You fall into a shaft and drop 1 floor!
  2575 | D:4      | Noticed an ogre
  2579 | D:4      | Killed an ogre
  2580 | D:4      | Reached XP level 7. HP: 40/40 MP: 7/7
  2630 | D:4      | Found a runed translucent door.
  2633 | D:4      | Noticed Crazy Yiuf
  2638 | D:4      | Killed Crazy Yiuf
  2639 | D:4      | Reached skill level 9 in Stealth
  2652 | D:4      | Identified the +6 mace of the Bespelling Sybil {holy, rC+
                  | rN+ Int+3}
  2853 | D:3      | Found a bloodstained altar of Trog.
  2861 | D:3      | Found a glowing silver altar of Zin.
  2999 | D:4      | Identified the +10 long sword "Luopitog" {flame, rF+ MP+9}
  3078 | D:4      | Learned a level 2 spell: Ensorcelled Hibernation
  3118 | D:4      | Reached skill level 1 in Long Blades
  3118 | D:4      | Reached skill level 1 in Hexes
  3422 | D:5      | Entered Level 5 of the Dungeon
  3441 | D:5      | Found a glowing golden altar of the Shining One.
  3461 | D:5      | Reached XP level 8. HP: 44/44 MP: 8/8
  3570 | D:5      | Lost mutation: You are very agile. (Dex +4) [Jiyva's grace]
  3570 | D:5      | Gained mutation: Your muscles are strong. (Str +2) [Jiyva's
                  | grace]
  3570 | D:5      | Gained mutation: Your muscles are very strong. (Str +4)
                  | [Jiyva's grace]
  3570 | D:5      | Gained mutation: You are covered in slimy tendrils that may
                  | disarm your opponents. [Jiyva's grace]
  3570 | D:5      | Gained mutation: You are very agile. (Dex +4) [Jiyva's
                  | grace]
  3616 | D:5      | Found a staircase to the Ecumenical Temple.
  3641 | D:5      | Reached skill level 10 in Stealth
  4668 | D:6      | Reached skill level 11 in Stealth
  4668 | D:6      | Reached XP level 9. HP: 48/48 MP: 9/9
  4819 | D:6      | HP: 12/48 [ogre/+0 giant club (27)]
  4855 | D:7      | Found a hide-covered altar of Uskayaw.
  4910 | D:7      | Found a shimmering blue altar of Sif Muna.
  4911 | D:7      | Found a snail-covered altar of Cheibriados.
  5844 | D:8      | Lost mutation: You are very agile. (Dex +4) [Jiyva's grace]
  5844 | D:8      | Gained mutation: You expend magic power (3 MP) to
                  | strengthen your wands. [Jiyva's grace]
  5844 | D:8      | Gained mutation: You have a pair of small horns on your
                  | head. [Jiyva's grace]
  5844 | D:8      | Gained mutation: You have a pair of horns on your head.
                  | [Jiyva's grace]
  5844 | D:8      | Gained mutation: You have a pair of large horns on your
                  | head. [Jiyva's grace]
  5908 | D:8      | Reached skill level 5 in Hexes
  5978 | D:8      | Noticed Maggie
  5989 | D:8      | Killed Maggie
  5990 | D:8      | Reached skill level 12 in Stealth
  6352 | D:9      | Noticed a two-headed ogre
  6434 | D:9      | Killed a two-headed ogre
  6435 | D:9      | Reached skill level 5 in Long Blades
  6435 | D:9      | Reached XP level 10. HP: 53/53 MP: 10/10
  6477 | D:9      | Found a flagged portal.
  6500 | Bailey   | Entered a bailey
  6778 | Bailey   | Reached skill level 13 in Stealth
  6793 | Bailey   | Noticed an orc knight
  6806 | Bailey   | HP: 16/53 [orc knight/+0 battleaxe (28)]
  6808 | Bailey   | Killed an orc knight
  6880 | Bailey   | Noticed an orc knight
  6961 | D:9      | Noticed a two-headed ogre
  6965 | D:9      | Killed a two-headed ogre
  7299 | D:9      | Noticed Maurice
  7304 | D:9      | Killed Maurice
  7605 | D:9      | Reached XP level 11. HP: 29/57 MP: 11/11
  7646 | D:10     | Entered Level 10 of the Dungeon
  7803 | D:10     | Noticed a centaur warrior
  7817 | D:10     | Killed a centaur warrior
  8177 | D:10     | Found a staircase to the Orcish Mines.
  8275 | D:10     | Found a basalt altar of Yredelemnul.
  8307 | D:11     | Identified the -5 cloak "Voigren" {rPois Str+5 Dex+5}
  8613 | D:11     | Reached skill level 5 in Fighting
  8615 | D:11     | Noticed Nergalle
  8626 | D:11     | Killed Nergalle
  8635 | D:11     | Found a staircase to the Lair.
  8702 | D:11     | Noticed a two-headed ogre
  8706 | D:11     | Killed a two-headed ogre
  8746 | D:11     | Noticed a skeletal warrior
  8750 | D:11     | Killed a skeletal warrior
  8751 | D:11     | Reached skill level 5 in Spellcasting
  8751 | D:11     | Noticed a skeletal warrior
  8751 | D:11     | Noticed a skeletal warrior
  8751 | D:11     | Noticed a skeletal warrior
  8752 | D:11     | Noticed a skeletal warrior
  8753 | D:11     | Killed a skeletal warrior
  8754 | D:11     | Reached XP level 12. HP: 71/71 MP: 19/19
  8755 | D:11     | Killed a skeletal warrior
  8756 | D:11     | Killed a skeletal warrior
  8758 | D:11     | Killed a skeletal warrior
  9091 | D:11     | Noticed Fannar
  9096 | D:11     | Killed Fannar
  9255 | Lair:1   | Entered Level 1 of the Lair of Beasts
  9264 | D:11     | Reached skill level 5 in Dodging
  9293 | Lair:1   | Lost mutation: You have a pair of large horns on your head.
                  | [Jiyva's grace]
  9293 | Lair:1   | Lost mutation: You have a pair of horns on your head.
                  | [Jiyva's grace]
  9293 | Lair:1   | Lost mutation: You expend magic power (3 MP) to strengthen
                  | your wands. [Jiyva's grace]
  9293 | Lair:1   | Lost mutation: Your melee attacks may engulf your foes in
                  | ooze. [Jiyva's grace]
  9293 | Lair:1   | Gained mutation: You are partially covered in iridescent
                  | scales. (AC +2) [Jiyva's grace]
  9293 | Lair:1   | Gained mutation: You are mostly covered in iridescent
                  | scales. (AC +4) [Jiyva's grace]
  9293 | Lair:1   | Gained mutation: You are completely covered in iridescent
                  | scales. (AC +6) [Jiyva's grace]
  9293 | Lair:1   | Gained mutation: You have a small jelly attached to you
                  | that senses nearby items. [Jiyva's grace]
  9295 | Lair:1   | Killed DemonSlayer's ghost
  9318 | Lair:1   | Noticed a seven-headed hydra
  9322 | Lair:1   | Killed a seven-headed hydra
  9469 | Lair:1   | Found a runed translucent gate.
  9471 | Lair:1   | Found a runed translucent gate.
  9472 | Lair:1   | Found a runed translucent gate.
  9477 | Lair:1   | Noticed a great orb of eyes
  9604 | Lair:1   | Noticed an eight-headed hydra
  9614 | Lair:1   | Killed a four-headed hydra
  9680 | Lair:1   | Noticed a four-headed hydra
  9695 | Lair:1   | Killed a one-headed hydra
 10137 | Lair:1   | Found a viscous altar of Jiyva.
 10171 | Lair:2   | Noticed a seven-headed hydra
 10177 | Lair:2   | Killed a four-headed hydra
 10178 | Lair:2   | Reached XP level 13. HP: 79/80 MP: 20/20
 10210 | Lair:2   | Reached ***** piety under Jiyva
 10436 | Lair:2   | Noticed a boulder beetle
 10441 | Lair:2   | Killed a boulder beetle
 10473 | Lair:2   | Found a hole to the Spider Nest.
 10833 | Lair:2   | Noticed an eight-headed hydra
 10837 | Lair:2   | Slimified an eight-headed hydra
 10837 | Lair:2   | Noticed an azure jelly
 10837 | Lair:2   | an eight-headed hydra changed into an azure jelly
 10938 | Lair:2   | Lost mutation: You have a pair of small horns on your head.
                  | [Jiyva's grace]
 10938 | Lair:2   | Lost mutation: You are completely covered in iridescent
                  | scales. (AC +6) [Jiyva's grace]
 10938 | Lair:2   | Lost mutation: Your muscles are very strong. (Str +4)
                  | [Jiyva's grace]
 10938 | Lair:2   | Lost mutation: You are covered in slimy tendrils that may
                  | disarm your opponents. [Jiyva's grace]
 10938 | Lair:2   | Gained mutation: Your spells are a little harder to cast,
                  | but a little more powerful. [Jiyva's grace]
 10938 | Lair:2   | Gained mutation: Your spells are harder to cast, but more
                  | powerful. [Jiyva's grace]
 10938 | Lair:2   | Gained mutation: Your spells are much harder to cast, but
                  | much more powerful. [Jiyva's grace]
 10938 | Lair:2   | Gained mutation: You are covered in slimy tendrils that may
                  | disarm your opponents. [Jiyva's grace]
 11343 | Lair:3   | Reached skill level 10 in Long Blades
 11468 | Lair:3   | Reached skill level 10 in Fighting
 12688 | Lair:4   | Noticed a boulder beetle
 12696 | Lair:4   | Killed a boulder beetle
 12717 | Lair:4   | Noticed a catoblepas
 12718 | Lair:4   | Noticed a dire elephant
 12739 | Lair:4   | Found a runed translucent door.
 12835 | Lair:4   | Noticed Kirke
 12916 | Lair:3   | Killed Kirke
 13191 | Lair:4   | Reached XP level 14. HP: 77/90 MP: 21/21
 13201 | Lair:4   | Reached skill level 10 in Dodging
 13318 | Lair:4   | Identified the +0 scale mail of the Invisible Hand {rN+
                  | Str+3 Stlth-}
 13679 | Lair:4   | HP: 24/90 [komodo dragon (21)]
 13684 | Lair:4   | HP: 26/90 [poisoned by a black mamba]
 13828 | Lair:4   | Found a staircase to the Shoals.
 14062 | Lair:4   | Killed a dire elephant
 14392 | Lair:5   | Lost mutation: You are agile. (Dex +2) [Jiyva's grace]
 14392 | Lair:5   | Lost mutation: Your spells are much harder to cast, but
                  | much more powerful. [Jiyva's grace]
 14392 | Lair:5   | Gained mutation: You have an increased reservoir of magic.
                  | (+10% MP) [Jiyva's grace]
 14392 | Lair:5   | Gained mutation: You have a considerably increased
                  | reservoir of magic. (+20% MP) [Jiyva's grace]
 14392 | Lair:5   | Gained mutation: You have a greatly increased reservoir of
                  | magic. (+30% MP) [Jiyva's grace]
 14392 | Lair:5   | Gained mutation: You are agile. (Dex +2) [Jiyva's grace]
 15346 | Lair:6   | Entered Level 6 of the Lair of Beasts
 15426 | Lair:6   | Noticed Sonja
 15434 | Lair:6   | Killed Sonja
 15619 | Lair:6   | Reached skill level 1 in Shields
 15634 | Lair:6   | HP: 22/92 [seven-headed hydra (9)]
 15634 | Lair:6   | HP: 10/92 [bullfrog (3)]
 15635 | Lair:6   | Slain by a seven-headed hydra

Illustrated notes

Levels and vault maps discovered:
D:1:      ebering_hopf_link, layout_basic, hellmonk_ecumenical_altar_zigzags
D:2:      layout_loops_cross, basic_altar, grunt_ministairs_11
D:3:      cheibrodos_fertilizer, layout_basic, mainiacjoe_overflow_big_doors,
          uniq_grinder
D:4:      layout_cave_pools, uniq_crazy_yiuf_cottage
D:5:      layout_loops_ring, lemuel_round_altar, temple_green
D:6:      layout_cave_pools, kb_lookout_dungeons_type, skrybe_limestone_x
D:7:      layout_basic, nicolae_overflow_squiral, lemuel_doored_altar
D:8:      nicolae_BIG_FREAKIN_CUBE, layout_basic, minivault_19, uniq_maggie
D:9:      layout_loops_ring, enter_bailey_5, uniq_maurice
D:10:     layout_cave_pools, mainiacjoe_overflow_alcove_1, david_orc_3
D:11:     layout_roguey, minmay_lair_entry_grove, lemuel_another_geyser,
          uniq_nergalle, uniq_fannar
Lair:1:   layout_hall_layers, gammafunk_ghost_ooze, grunt_forest_stairs_basic,
          beast_lair_carwin_6
Lair:2:   layout_cave_pods, hellmonk_spider_entry_life_and_decay, serial_rivers,
          chequers_serial_rivers_large_b, chequers_serial_rivers_micro_a,
          chequers_serial_rivers_micro_d, chequers_serial_rivers_micro_e,
          minivault_25
Lair:3:   layout_small_grid, serial_bayou_pond_d,
          chequers_serial_rivers_small_b, serial_bayou_shore_a,
          grunt_megastairs_4
Lair:4:   gammafunk_lair_enchanted_lake, layout_regular_city,
          elwin_shoals_entry_rooms, minivault_27, gammafunk_lair_bear_cave,
          uniq_kirke
Lair:5:   layout_concentric_octagons, minivault_11, grunt_megastairs_2,
          lemuel_fruit_fields, infiniplex_staircase_pool
Lair:6:   minmay_lair_end_frog_pond, layout_concentric_octagons, slime_altar_2,
          grunt_forest_small_clearing_treed, serial_bayou_shore_b, uniq_sonja

Skill      XL: |  1  2  3  4  5  6  7  8  9 10 11 12 13 14 |
---------------+-------------------------------------------+-----
Short Blades   | 3 4 6 7 |  7.2
Stealth        | 6 8 9 11 12 13 | 13.8
Long Blades    | 1 3 5 6 8 9 10 11 | 11.6
Hexes          | 1 4 6 8 |  8.9
Fighting       | 6 9 11 12 | 12.5
Spellcasting   | 5 |  5.1
Dodging        | 2 6 9 11 | 11.8
Shields        | 1 |  1.0
Throwing       | |  2.1

Action                   |  1- 3 |  4- 6 |  7- 9 | 10-12 | 13-15 || total
-------------------------+-------+-------+-------+-------+-------++-------
Melee: Dagger            |    56 |    45 |   148 |   168 |    16 ||   433
       Punch             |     1 |     2 |     1 |     8 |    10 ||    22
       Mace              |       |       |     4 |     5 |       ||     9
       Headbutt          |       |       |     4 |    65 |     3 ||    72
       Long sword        |       |       |       |   120 |   556 ||   676
       Unarmed           |       |       |       |       |     1 ||     1
Throw: Dart              |       |       |     3 |       |       ||     3
Invok: Oozemancy         |       |       |     7 |     4 |     4 ||    15
       Slimify           |       |       |       |       |     2 ||     2
Evoke: Wand              |       |       |       |     2 |       ||     2
  Use: Potion            |       |     3 |       |       |       ||     3
       Scroll            |       |       |     4 |     1 |    11 ||    16
 Stab: Sleeping          |    21 |    15 |    29 |    23 |    25 ||   113
       Distracted        |       |       |     3 |     5 |     7 ||    15
Armor: Robe              |     4 |     5 |    13 |       |       ||    22
       Steam dragon scal |       |       |       |    66 |    81 ||   147
Dodge: Dodged            |    26 |    12 |    78 |   181 |   472 ||   769
Block: Kite shield       |       |       |       |       |    28 ||    28
